 Dungeon Crawl Stone Soup version 0.31-a0-986-g5e6e4ef867 (webtiles) character file.

Game seed: 8867343872667064111

2182936 Lobster4 the Axe Maniac (level 27, 218/218 HPs)
             Began as a Hill Orc Fighter on Nov 23, 2023.
             Was the Champion of Nemelex Xobeh.
             Escaped with the Orb
             ... and 4 runes on Nov 24, 2023!
             The game lasted 04:43:32 (80302 turns).

Lobster4 the Axe Maniac (Hill Orc Fighter)         Turns: 80302, Time: 04:43:33

Health: 218/218    AC: 38    Str: 27    XL:     27
Magic:  49/49      EV: 12    Int: 16    God:    Nemelex Xobeh [******]
Gold:   1681       SH:  9    Dex: 16    Spells: 37/52 levels left

rFire   + + +        I - +9 broad axe (heavy)
rCold   + + .        e - +3 buckler {reflect}
rNeg    + . .        b - +4 gold dragon scales
rPois   +            O - +2 hat of the Bear Spirit {Spirit, Bear, *Rage Will++}
rElec   +            E - scarf {rC+ rF+}
rCorr   +            F - +2 pair of gloves of Hairiness {Will+ Str+2 Dex+6}
SInv    +            x - +3 pair of seven-league boots {Rampage+∞}
Will    +++++        r - amulet of Lilluhiu {RegenMP rN+} Stlth
                     n - ring "Zyuqo" {rElec MP+9 Str+2 SInv}
HPRegen 0.56/turn    U - ring "Zeamma Olui" {rF+ rCorr}
MPRegen 0.71/turn

%: random rage (20%), reflection, guardian spirit, rampage+∞
@: no status effects
A: horns 1, iridescent scales 1, thin skeletal structure 1, clumsy 1, deformed
body, dopey 1, frail 2, sense surroundings 1, screaming 2, MP-powered wands,
devolution 1
0: Orb of Zot
}: 4/15 runes: decaying, slimy, silver, gossamer
a: Renounce Religion, Draw Escape, Draw Destruction, Draw Summoning, Triple
Draw, Deal Four, Stack Five


You escaped.
You worshipped Nemelex Xobeh.
Nemelex Xobeh was exalted by your worship.
You visited 12 branches of the dungeon, and saw 56 of its levels.
You also visited: Bailey and Gauntlet.

You collected 8560 gold pieces.
You spent 6879 gold pieces at shops.

Inventory:

Hand Weapons
 a - the +8 mithril axe "Arga" {speed, Will+}
   (You found it on level 5 of the Pits of Slime)

   Will+:     It increases your willpower.
 c - the +6 shillelagh "Devastator" {shatter}
   (You found it on level 1 of the Lair of Beasts)
 I - a +9 heavy broad axe (weapon)
Missiles
 B - 12 curare-tipped darts (quivered)
 G - 2 atropa-tipped darts
 K - 3 poisoned darts
Armour
 b - +4 gold dragon scales (worn)
 e - a +3 buckler of reflection (worn)
 u - the +8 orange crystal plate armour {Archmagi, Int+3 Clar}
   (You found it on level 1 of the Elven Halls)

   Int+3:     It affects your intelligence (+3).
   Clar:      It protects you from confusion, rage, mesmerisation and fear.
 x - the +3 pair of seven-league boots (worn) {Rampage+∞}
   (You found it on level 5 of the Pits of Slime)

   Rampage+∞: When moving toward enemies, its wearer moves as far as possible,
   alerting their target en route.
 E - a scarf of resistance (worn)
 F - the +2 pair of gloves of Hairiness (worn) {Will+ Str+2 Dex+6}
   (You found it on level 3 of the Depths)

   Str+2:     It affects your strength (+2).
   Dex+6:     It affects your dexterity (+6).
   Will+:     It increases your willpower.
 M - the +0 pair of boots "Yreen" {Rampage rC+ Will+}
   (You found it in a Gauntlet)

   rC+:       It protects you from cold.
   Will+:     It increases your willpower.
   Rampage:   It bestows one free step when moving towards enemies.
 O - the +2 hat of the Bear Spirit (worn) {Spirit, Bear, *Rage Will++}
   (You found it in a Gauntlet)

   Bear:      Going berserk makes the wearer exceptionally tough, and they are
   slowed for a shorter time afterward.
   Will++:    It greatly increases your willpower.
   *Rage:     It berserks you when you make melee attacks (+20% chance).
 V - the +9 chain mail of Gosseitus {rElec rPois Int-4}
   (You found it on level 3 of the Elven Halls)

   Int-4:     It affects your intelligence (-4).
   rElec:     It insulates you from electricity.
   rPois:     It protects you from poison
Jewellery
 f - an amulet of regeneration
 k - a ring of flight
 n - the ring "Zyuqo" (left hand) {rElec MP+9 Str+2 SInv}
   (You found it in a Gauntlet)

   [ring of magical power]

   Str+2:     It affects your strength (+2).
   rElec:     It insulates you from electricity.
   MP+9:      It affects your magic capacity (+9).
   SInv:      It lets you see invisible.
 r - the amulet of Lilluhiu (around neck) {RegenMP rN+}
   (You bought it in a shop on level 3 of the Elven Halls)

   [amulet of magic regeneration]

   RegenMP:   It increases your rate of magic regeneration.
   rN+:       It protects you from negative energy.
 t - the ring of Harmony {rC+ rN+ EV+5 Dex+2 Slay+3}
   (You found it on level 2 of the Dungeon)

   [ring of evasion]

   EV+5:      It affects your evasion (+5).
   Dex+2:     It affects your dexterity (+2).
   Slay+3:    It affects your accuracy & damage with ranged weapons and melee
   (+3).
   rC+:       It protects you from cold.
   rN+:       It protects you from negative energy.
 v - an amulet of reflection
 w - the ring "Ocraesei" {rF+ rN+ Int+6 Dex+3}
   (You bought it in a shop on level 2 of the Depths)

   [ring of intelligence]

   Int+6:     It affects your intelligence (+6).
   Dex+3:     It affects your dexterity (+3).
   rF+:       It protects you from fire.
   rN+:       It protects you from negative energy.
 U - the ring "Zeamma Olui" (right hand) {rF+ rCorr}
   (You found it on level 5 of the Pits of Slime)

   [ring of resist corrosion]

   rF+:       It protects you from fire.
   rCorr:     It protects you from acid and corrosion.
Wands
 i - a wand of iceblast (38)
 y - a wand of digging (23)
 J - a wand of light (50)
 Y - a wand of mindburst (25)
Scrolls
 g - 9 scrolls of butterflies
 h - 3 scrolls of revelation
 l - 22 scrolls of teleportation
 m - a scroll of torment
 o - 6 scrolls of immolation
 z - 14 scrolls of poison
 A - 11 scrolls of fear
 T - 2 scrolls of noise
 Z - 5 scrolls of fog
Potions
 d - 9 potions of brilliance
 j - 17 potions of curing
 p - a potion of mutation
 q - 3 potions of resistance
 s - 10 potions of ambrosia
 C - 4 potions of heal wounds
 D - 3 potions of cancellation
 H - 13 potions of lignification
 L - 8 potions of enlightenment
 N - 2 potions of magic
 S - 8 potions of haste
 W - a potion of invisibility
 X - 2 potions of might
Miscellaneous
 P - a box of beasts
 Q - a lightning rod (4/4)
 R - a phantom mirror


   Skills:
 O Level 27 Fighting
 O Level 27 Axes
 - Level 1.0 Throwing
 O Level 27 Armour
 + Level 10.4 Dodging
 - Level 7.0 Shields
 + Level 13.4 Spellcasting
 - Level 15.0 Conjurations
 - Level 3.0 Transmutations
 - Level 12.0 Fire Magic
 - Level 3.0 Poison Magic
 + Level 23.4 Invocations
 - Level 3.0 Evocations


You had 37 spell levels left.
You knew the following spells:

 Your Spells              Type           Power      Damage    Failure   Level
a - Foxfire               Conj/Fire      100%       2x1d9     1%          1
b - Sticky Flame          Conj/Fire      52%        2d7       1%          4
c - Flame Wave            Conj/Fire      52%        2d13      1%          4
d - Fireball              Conj/Fire      26%        3d12      4%          5
s - Sting                 Tmut/Pois      80%        1d7       13%         1

Your spell library contained the following spells:

 Spells                   Type           Power      Damage    Failure   Level
 Kiss of Death            Conj/Necr      100%       2d13      1%          1
 Magic Dart               Conj           100%       1d8       1%          1
 Searing Ray              Conj           100%       2d8       1%          2
 Momentum Strike          Conj/Tloc      68%        3d9       3%          2
 Dazzling Flash           Conj/Hex       68%        N/A       6%          3
 Hailstorm                Conj/Ice       34%        3d9       6%          3
 Stone Arrow              Conj/Erth      68%        3d11      6%          3
 Ignite Poison            Fire/Tmut/Pois 29%        N/A       12%         3
 Inner Flame              Hex/Fire       29%        N/A       12%         3
 Volatile Blastmotes      Fire/Tloc      58%        2d14      12%         3
 Wereblood                Tmut           20%        N/A       21%         2
 Brom's Barrelling Bould  Conj/Erth      34%        2d5       21%         4
 Fulminant Prism          Conj/Hex       17%        3d10      21%         4
 Iskenderun's Mystic Bla  Conj/Tloc      34%        2d8       21%         4
 Starburst                Conj/Fire      26%        6d8       26%         6
 Passwall                 Tmut/Erth      12%        N/A       36%         2
 Poisonous Vapours        Pois/Air       30%        N/A       36%         2
 Freeze                   Ice            40%        1d6       41%         1
 Sandblast                Erth           20%        2d7       41%         1
 Summon Small Mammal      Summ           40%        N/A       41%         1
 Cigotuvi's Dreadful Rot  Necr/Pois/Air  26%        N/A       41%         2
 Arcjolt                  Conj/Air       17%        1d27      50%         5
 Blink                    Tloc           20%        N/A       56%         2
 Call Imp                 Summ           20%        N/A       56%         2
 Ensorcelled Hibernation  Hex/Ice        20%        N/A       56%         2
 Lesser Beckoning         Tloc           20%        N/A       56%         2
 Sublimation of Blood     Necr           10%        N/A       56%         2
 Orb of Destruction       Conj           28%        9d9       63%         7
 Olgreb's Toxic Radiance  Pois           20%        N/A       78%         4
 Call Canine Familiar     Summ           10%        N/A       80%         3
 Frozen Ramparts          Ice            20%        1d4       80%         3
 Gell's Gravitas          Tloc           10%        N/A       80%         3
 Ozocubu's Armour         Ice            10%        N/A       80%         3
 Summon Guardian Golem    Hex/Summ       10%        N/A       80%         3
 Swiftness                Air            10%        N/A       80%         3
 Teleport Other           Tloc           10%        N/A       80%         3
 Petrify                  Tmut/Erth      15%        N/A       94%         4
 Bombard                  Conj/Erth      17%        9d3       97%         6
 Alistair's Intoxication  Tmut/Pois      13%        N/A       98%         5
 Animate Armour           Summ/Erth      20%        N/A       99%         4
 Animate Dead             Necr           10%        N/A       99%         4
 Cause Fear               Hex            5%         N/A       99%         4
 Leda's Liquefaction      Hex/Erth       5%         N/A       99%         4
 Summon Ice Beast         Ice/Summ       10%        N/A       99%         4
 Summon Lightning Spire   Summ/Air       10%        N/A       99%         4
 Vhi's Electric Charge    Tloc/Air       20%        N/A       99%         4
 Plasma Beam              Fire/Air       14%        2x1d25    99%         6
 Borgnjor's Vile Clutch   Necr/Erth      5%         N/A       100%        5
 Lee's Rapid Deconstruct  Erth           5%         3d6*      100%        5
 Metabolic Englaciation   Hex/Ice        5%         N/A       100%        5
 Eringya's Noxious Bog    Tmut/Pois      10%        4d6       100%        6
 Simulacrum               Ice/Necr       5%         N/A       100%        6
 Haunt                    Necr/Summ      5%         N/A       100%        7
 Spellforged Servitor     Conj/Summ      17%        N/A       100%        7
 Summon Hydra             Summ           5%         N/A       100%        7
 Ignition                 Fire           24%        3d8       100%        8
 Infestation              Necr           5%         N/A       100%        8
 Maxwell's Capacitive Co  Air            5%         ∞         100%        8
 Dragon's Call            Summ           5%         N/A       100%        9
 Polar Vortex             Ice            5%         N/A       100%        9


Dungeon Overview and Level Annotations

Branches:
Dungeon (15/15)            Temple (1/1) D:7            Lair (5/5) D:8
  Swamp (4/4) Lair:2       Spider (4/4) Lair:2        Slime (5/5) Lair:5
    Orc (2/2) D:11            Elf (3/3) Orc:2        Vaults (5/5) D:14
  Crypt (3/3) Vaults:3       Tomb (0/3) Crypt:3      Depths (4/4) D:15
    Zot (5/5) Depths:4     Bailey (visited)         Gauntlet (visited)

Altars:
Ashenzari
Cheibriados
Dithmenos
Elyvilon
Fedhas
Gozag
Hepliaklqana
Kikubaaqudgha
Makhleb
Nemelex Xobeh
Okawaru
Qazlal
Ru
Sif Muna
Trog
Uskayaw
Vehumet
Wu Jian
Xom
Yredelemnul
Zin
The Shining One
Jiyva
Lugonu

Shops:
Orc:1 ?   Orc:2 ([*[   Elf:3 =   Vaults:1 [   Vaults:4 ==:=?*:(
Vaults:5 !?!=!!(   Depths:2 =

Portals:
Hell: Depths:1 Depths:2 Depths:3 Depths:4
Abyss: Lair:5 Crypt:1 Depths:2 Depths:3 Depths:4
Pandemonium: Depths:1 Depths:2
Ziggurat: Depths:2
Trove: Depths:4 (give +8 demon trident)

Annotations:
Depths:1 3 runed translucent doors, Jutoxo's ghost, veteran GnWn


Innate Abilities, Weirdness & Mutations

You have a pair of small horns on your head.
You are partially covered in iridescent scales. (AC +2)
You have a somewhat thin skeletal structure. (Dex +2, Stealth+)
You are clumsy. (Dex -2)
Armour fits poorly on your strangely shaped body.
You are dopey. (Int -2)
You are very frail. (-20% HP)
You passively map a small area around you.
You frequently scream uncontrollably at your foes.
You expend magic power (3 MP) to strengthen your wands.
You have hidden genetic defects.


Message History

The fireball engulfs you but does no damage.
Lobster4's illusion casts a spell at the demonspawn blood saint.
The sting hits the demonspawn blood saint!
The demonspawn blood saint is poisoned.
The demonspawn blood saint hits something but does no damage.
You hear an explosion! x2
There is a stone staircase leading up here.
You climb upwards.
There is a stone staircase leading down here.
There is an escape hatch in the ceiling here.
A mysterious force pulls you upwards. The hatch slams shut behind you.
An adder comes into view.
The adder hisses angrily.
There is a stone staircase leading up here.
You climb upwards.
There is a stone staircase leading down here.
Aiming: Dig
Press: ? - help, Shift-Dir - straight line A rock wall.
This square is covered in magical glow.
You feel a surge of power!
The rock shatters into small pieces.
There is a stone staircase leading up here.
You climb upwards.
There is a stone staircase leading down here.
There is a stone staircase leading up here.
You climb upwards.
There is a stone staircase leading down here.
A shadow demon comes into view.
The shadow demon attacks as it pursues you!
The shadow demon hits you but does no damage.
You stride towards the shadow demon!
You slice the shadow demon!! You headbutt the shadow demon!
The shadow demon is almost dead.
The shadow demon hits you!
You open the shadow demon like a pillowcase!!!!
You kill the shadow demon!
There is an open door here.
There is a large open door here.
There is a staircase leading out of the dungeon here.
You have escaped!

#.......## #.###
#######..# #.##.
##.## ###.##. ######
#..###...##. ##....##
##...#.#.##.
#.####.######...####.
#.8####'.#.........#.
#.#...#'........##.#.
#.#.@..###...........
#.#...## ######......
#)#.### #####..)....
#..## #......#....
#### #.........#+
#.........#.
#.........##
#....(.....#
#..........#


There were no monsters in sight!

Vanquished Creatures
  the Royal Jelly (Slime:5)
  A dread lich (Zot:5)
  3 ancient liches
  10 orbs of fire
  2 juggernauts
  Sojobo (Depths:2)
  Boris (twice) (Depths:4 Crypt:2)
  Frederick (Crypt:2)
  Vv (Zot:3)
  4 Killer Klowns (Zot:5)
  3 curse toes
  Xtahua (Depths:4)
  The ghost of Otufioz the Victor of a Thousand Battles, a veteran GnWn of Okawaru (Depths:3)
  The ghost of Joach the Victor of a Thousand Battles, a veteran GnWn of Okawaru (Depths:3)
  5 golden dragons
  Jory (Depths:2)
  The ghost of Rutraf the Master Archer, a veteran DEHs of Fedhas (Depths:3)
  3 bone dragons
  2 electric golems (Zot:5)
  An iron giant (Depths:3)
  An Ice Fiend (Zot:3)
  15 tentacled monstrosities
  3 liches
  26 Orb Guardians
  6 titans
  2 deep elf master archers (Elf:3)
  6 quicksilver dragons
  A deep elf blademaster (Elf:2)
  Asterion (Depths:1)
  11 death cobs
  A walking divine tome (Depths:4)
  12 ancient champions
  6 sphinxes
  An Executioner (D:13)
  17 acid blobs
  Agnes (Elf:1)
  8 shadow dragons
  2 thorn hunters (Swamp:3)
  Aizul (Spider:4)
  4 fenstrider witches
  5 tengu reavers
  2 revenants (Crypt:3)
  7 draconian monks
  10 storm dragons
  11 rockslimes
  7 fire giants
  13 azure jellies
  A juggernaut zombie (Crypt:3)
  3 deep elf sorcerers
  9 draconian knights
  Louise (Depths:3)
  5 emperor scorpions
  4 draconian scorchers
  6 draconian shifters
  4 iron dragons
  A cacodemon (Depths:1)
  5 deep elf elementalists (Elf:3)
  18 vault wardens
  7 frost giants
  3 caustic shrike zombies
  4 draconian stormcallers
  4 spectral caustic shrikes (Depths:4)
  11 ghouls
  16 ghost moths
  A caustic shrike skeleton (Crypt:3)
  A broodmother (Spider:3)
  A reaper (Crypt:2)
  A juggernaut skeleton (Crypt:3)
  A quicksilver ooze (shapeshifter) (Vaults:4)
  9 draconian annihilators
  An orc warlord (Vaults:4)
  A spriggan defender (Depths:4)
  9 ironbound thunderhulks
  10 green draconians
  16 quicksilver oozes
  16 ironbound preservers
  19 very ugly things
  16 stone giants
  A war gargoyle (Vaults:5)
  16 vampire knights
  3 eleionomae
  A starflower (Swamp:3)
  4 formless jellyfish
  3 deep elf demonologists
  Azrael (Elf:1)
  2 spark wasps
  8 black draconians
  14 white draconians
  11 red draconians
  7 deep elf annihilators
  11 purple draconians
  22 yellow draconians
  3 bunyips
  4 dire elephants
  10 eidola
  3 minotaurs
  An acid blob zombie (Crypt:2)
  A mummy priest (Crypt:3)
  7 jiangshi
  Josephine (D:11)
  11 ettins
  A merfolk impaler (Depths:3)
  5 deep elf death magi
  2 deep elf high priests
  A blizzard demon (Swamp:4)
  18 yaktaur captains
  A spriggan zombie (Crypt:3)
  10 entropy weavers
  5 fire dragons
  2 shambling mangroves
  5 great orbs of eyes
  31 vault guards
  10 ice dragons
  A fenstrider witch zombie (Crypt:1)
  2 rakshasas
  A sphinx zombie (Vaults:4)
  10 hydras
  A salamander tyrant (Depths:2)
  2 hell beasts
  5 spriggan air magi
  8 alligators
  2 ghost crabs
  5 ironbound frosthearts
  10 ogre magi
  2 catoblepae
  11 centaur warriors
  25 two-headed ogres
  3 spriggan skeletons
  A satyr (Spider:4)
  18 dancing weapons
  2 jorogumos
  5 radroaches
  12 deep troll shamans
  10 demonic crawlers
  10 boulder beetles
  5 tengu warriors
  Erica (D:8)
  18 deep troll earth magi
  The ghost of avis the Nimble, a journeyman FeSh of Gozag (Lair:3)
  8 death yaks
  7 vampire magi
  An occultist (Swamp:3)
  3 death knights
  A thrashing horror (Lair:5)
  2 spriggan berserkers
  A titan zombie (Crypt:3)
  A fire crab (shapeshifter) (Lair:5)
  A skyshark (shapeshifter) (Elf:1)
  4 soul eaters
  12 deep elf knights
  18 skeletal warriors
  A hell knight (Vaults:5)
  15 iron trolls
  9 shadow wraiths
  A spectral spark wasp (Depths:2)
  A sixfirhy (Swamp:4)
  2 skysharks (Lair:4)
  5 goliath frogs
  4 spriggan druids
  A cherub (Spider:4)
  2 anaconda zombies
  9 flayed ghosts
  6 pharaoh ants
  2 shadow demons
  4 orb spiders
  4 spriggan simulacra
  12 lindwurms
  2 swamp dragons
  46 deep trolls
  6 necromancers
  5 bog bodies
  11 glowing orange brains
  11 phantasmal warriors
  18 ironbound convokers
  11 deep elf archers
  3 orc knights
  An iron dragon zombie (Vaults:4)
  A shadow dragon skeleton (Crypt:3)
  27 ugly things
  21 deep elf pyromancers
  32 deep elf zephyrmancers
  3 arcanists
  2 steelbarb worms
  25 wolf spiders
  5 shining eyes
  4 cyclopes
  2 will-o-the-wisps
  4 orc sorcerers
  3 manticores
  A frost giant zombie (Vaults:4)
  2 stone giant skeletons (Crypt:1)
  34 moths of wrath
  An elephant (shapeshifter) (Vaults:5)
  A worldbinder (Gauntlet)
  2 elf zombies
  Joseph (D:7)
  6 black mambas
  17 elephants
  2 centaur zombies (Crypt:1)
  A guardian serpent (shapeshifter) (D:13)
  3 smoke demons (Lair:5)
  An eleionoma skeleton (Crypt:3)
  A draconian skeleton (Crypt:3)
  3 gargoyles
  A rust devil (Crypt:1)
  9 torpor snails
  2 centaur skeletons (Crypt:3)
  Jeremiah (Lair:1)
  A minotaur zombie (Crypt:1)
  An eye of devastation (Slime:2)
  3 orange demons
  A molten gargoyle (Gauntlet)
  25 vault sentinels
  A cane toad (shapeshifter) (Vaults:5)
  A dire elephant skeleton (Crypt:2)
  2 naga skeletons (Crypt:3)
  12 cane toads
  A yaktaur zombie (Vaults:4)
  Maggie (D:8)
  6 freezing wraiths
  An alligator snapping turtle skeleton (Crypt:3)
  An unseen horror (shapeshifter) (Elf:3)
  5 rime drakes
  2 kobold demonologists (D:10)
  An efreet (D:15)
  15 komodo dragons
  A yaktaur (shapeshifter) (D:15)
  40 yaktaurs
  A red devil (Crypt:1)
  An anaconda simulacrum (Crypt:3)
  A yaktaur skeleton (Vaults:3)
  A queen bee (shapeshifter) (Vaults:4)
  3 trolls
  2 polar bears
  A polar bear (shapeshifter) (Elf:3)
  8 guardian mummies
  8 tyrant leeches
  6 hellwings (Swamp:4)
  A meliai (Spider:2)
  A bloated husk (Swamp:4)
  A tengu simulacrum (Crypt:1)
  A merfolk (shapeshifter) (Vaults:4)
  Prince Ribbit (D:8)
  13 hornets
  A glass eye (Slime:3)
  30 tarantellas
  4 raiju
  A dream sheep (shapeshifter) (Vaults:4)
  A hydra skeleton (Crypt:3)
  2 snapping turtles (Slime:3)
  16 blink frogs
  A guardian serpent zombie (Crypt:1)
  124 slime creatures
  A death drake skeleton (Crypt:2)
  An ettin zombie (Crypt:3)
  28 culicivoras
  2 ynoxinuls
  Sigmund (D:2)
  24 jumping spiders
  2 flying skulls (Crypt:3)
  5 air elementals
  A shadow (D:13)
  4 spriggans
  6 vampires (Crypt:3)
  6 fire elementals (Elf:1)
  40 yaks
  2 fire dragon skeletons
  15 wraiths
  5 wyverns
  14 water elementals
  A black mamba skeleton (Crypt:2)
  8 golden eyes
  6 steam dragons
  10 basilisks
  48 redbacks
  A redback (shapeshifter) (Vaults:2)
  6 chaos spawn
  A human (D:11)
  A wind drake skeleton (Crypt:3)
  A yaktaur simulacrum (Vaults:3)
  34 vampire mosquitoes
  3 large abominations (Lair:5)
  A neqoxec (Swamp:3)
  6 wargs
  12 swamp worms
  A glowing shapeshifter zombie (Vaults:4)
  A naga (Spider:4)
  3 acid dragons
  3 hell hounds (D:8)
  6 small abominations (Lair:5)
  16 water moccasins
  A sky beast (D:8)
  3 ice beasts
  3 swamp drakes
  24 orc warriors
  A demonspawn skeleton (Crypt:1)
  33 ogres
  A black bear (Lair:2)
  A hornet zombie (Crypt:3)
  14 wolves
  8 centaurs
  3 boggarts
  2 phantoms
  7 kobold brigands
  4 earth elementals
  15 bullfrogs
  A wyvern zombie (Crypt:3)
  2 scorpions
  A necrophage (Crypt:2)
  A wight (D:8)
  A polar bear zombie (Crypt:3)
  6 killer bees
  6 electric eels
  5 howler monkeys
  A wolf skeleton (Crypt:1)
  A hound (D:5)
  6 jellies
  6 human zombies
  9 orc priests
  13 iguanas
  4 iron imps (Crypt:1)
  A sleepcap (D:7)
  2 gnoll boudas (D:8)
  A human skeleton (Crypt:1)
  Ijyb (D:3)
  Terence (D:2)
  Natasha (thrice) (D:2)
  An iguana (shapeshifter) (Vaults:5)
  26 orc wizards
  A boggart skeleton (Crypt:3)
  A killer bee zombie (Crypt:3)
  A hound zombie (Crypt:2)
  2 mummies (Crypt:1)
  Robin (D:2)
  9 gnolls
  2 adders
  An adder (shapeshifter) (Vaults:4)
  A swamp drake skeleton (Crypt:2)
  2 shadow imps
  A white imp (D:6)
  6 ufetubi (D:7)
  An iguana zombie (Crypt:2)
  An iguana skeleton (Crypt:2)
  A worm (D:4)
  A dart slug (D:2)
  93 orcs
  5 ball pythons
  4 endoplasms
  4 giant cockroaches
  21 goblins
  13 hobgoblins
  A quokka (D:3)
  3 bats (D:1)
  16 frilled lizards
  A goblin skeleton (Crypt:1)
  24 kobolds
  An orc skeleton (Crypt:1)
  5 rats
  2 spectral weapons
2426 creatures vanquished.

Vanquished Creatures (collateral kills)
  Tiamat (Zot:2)
  2 deep elf blademasters (Elf:3)
  An acid blob (Slime:5)
  3 rockslimes (Slime:5)
  A deep elf sorcerer (Elf:3)
  A deep elf elementalist (Elf:3)
  2 stone giants (Depths:4)
  2 deep elf demonologists (Elf:3)
  A white draconian (Zot:3)
  A blizzard demon (D:6)
  2 deep elf death magi (Elf:3)
  A catoblepas (Lair:5)
  4 dancing weapons (Elf:2)
  A deep troll earth mage (Depths:3)
  A thrashing horror (Lair:5)
  A tengu warrior (D:15)
  A soul eater (Crypt:1)
  3 deep elf knights (Elf:2)
  2 deep elf pyromancers
  An orc knight (Orc:2)
  6 deep elf zephyrmancers
  A shining eye (Slime:5)
  3 elephants (Lair:5)
  A cane toad (Lair:5)
  A swamp worm zombie (Crypt:1)
  A komodo dragon (Lair:5)
  5 dream sheep (Lair:5)
  4 blink frogs (Lair:5)
  A wraith (D:11)
  A warg (Orc:2)
  A neqoxec (Swamp:4)
  2 water moccasins (Lair:5)
59 creatures vanquished.

Vanquished Creatures (others)
  A sphinx (Depths:4)
  An eldritch tentacle (Zot:5)
  A draconian knight (Zot:4)
  A fire giant (Depths:2)
  An alligator (Swamp:4)
  A spriggan berserker (Depths:4)
  A deep elf knight (Elf:1)
  A bloated husk (Swamp:4)
  A spriggan (Swamp:1)
  A jumping spider (Spider:4)
  A swamp worm (Swamp:1)
  A human (D:9)
  12 foxfires
24 creatures vanquished.

Grand Total: 2509 creatures vanquished

Notes
Turn   | Place    | Note
-------+----------+-------------------------------------------
     0 | D:1      | Lobster4 the Hill Orc Fighter began the quest for the Orb.
     0 | D:1      | Reached XP level 1. HP: 19/19 MP: 1/1
    29 | D:1      | Reached XP level 2. HP: 23/27 MP: 2/2
   139 | D:1      | Reached XP level 3. HP: 30/33 MP: 3/3
   721 | D:2      | Noticed Sigmund
   847 | D:2      | Noticed Robin
   961 | D:1      | Reached XP level 4. HP: 34/40 MP: 4/4
   992 | D:2      | Killed Robin
  1202 | D:2      | Noticed Terence
  1213 | D:2      | Killed Terence
  1219 | D:2      | Noticed Natasha
  1220 | D:2      | Identified the ring of Harmony {rC+ rN+ EV+5 Dex+2 Slay+3}
  1243 | D:2      | Killed Sigmund
  1244 | D:2      | Reached skill level 5 in Axes
  1244 | D:2      | Reached XP level 5. HP: 47/47 MP: 5/5
  1244 | D:2      | Reached XP level 6. HP: 55/55 MP: 6/6
  1283 | D:2      | Killed Natasha
  1284 | D:2      | Reached skill level 5 in Fighting
  1411 | D:2      | Noticed Natasha
  1417 | D:2      | Killed Natasha
  1718 | D:2      | Noticed Natasha
  1721 | D:2      | Killed Natasha
  1897 | D:3      | Found a sacrificial altar of Ru.
  2391 | D:3      | Found a glowing silver altar of Zin.
  2455 | D:3      | Found a faded altar of an unknown god.
  2467 | D:3      | Noticed Ijyb
  2480 | D:3      | Killed Ijyb
  2888 | D:4      | Reached XP level 7. HP: 61/61 MP: 7/7
  3168 | D:5      | Entered Level 5 of the Dungeon
  3219 | D:5      | Reached skill level 1 in Throwing
  3219 | D:5      | Reached skill level 5 in Shields
  3219 | D:5      | Reached skill level 1 in Evocations
  3418 | D:5      | Noticed a hornet
  3425 | D:5      | Killed a hornet
  3426 | D:5      | Reached skill level 1 in Dodging
  3426 | D:5      | Reached XP level 8. HP: 70/70 MP: 8/8
  3517 | D:5      | Found a hazy altar of Hepliaklqana.
  3555 | D:5      | Identified the serpent talisman "Earthly Heaven" {rPois
                  | rN+}
  5047 | D:6      | Reached XP level 9. HP: 71/75 MP: 7/9
  5096 | D:6      | Reached skill level 10 in Axes
  5269 | D:7      | Found a staircase to the Ecumenical Temple.
  5280 | Temple   | Found a transporter.
  5280 | Temple   | Found a transporter.
  5280 | Temple   | Found a transporter.
  5280 | Temple   | Found a transporter.
  5280 | Temple   | Entered the Ecumenical Temple
  5298 | Temple   | Became a worshipper of Nemelex Xobeh the Trickster
  5336 | D:7      | Noticed Joseph
  5345 | D:7      | Killed Joseph
  5654 | D:7      | Found a snail-covered altar of Cheibriados.
  5719 | D:7      | Found an iron altar of Okawaru.
  6306 | D:8      | Noticed Prince Ribbit
  6335 | D:8      | Killed Prince Ribbit
  6336 | D:8      | Reached XP level 10. HP: 86/86 MP: 13/13
  6549 | D:8      | Found a basalt altar of Yredelemnul.
  6549 | D:8      | Found a shimmering altar of Xom.
  6665 | D:8      | Noticed Maggie
  6862 | D:8      | Reached skill level 5 in Invocations
  6862 | D:8      | Killed Maggie
  7016 | D:8      | Reached skill level 5 in Armour
  7191 | D:8      | Noticed Erica
  7193 | D:8      | Reached * piety under Nemelex Xobeh
  7201 | D:8      | Killed Erica
  7465 | D:8      | Found a staircase to the Lair.
  7797 | D:9      | Received a gift from Nemelex Xobeh
  8013 | D:9      | Reached XP level 11. HP: 93/95 MP: 14/16
  8304 | D:9      | Found an ancient bone altar of Kikubaaqudgha.
  8472 | D:10     | Entered Level 10 of the Dungeon
  8541 | D:10     | Found a flagged portal.
  8560 | D:10     | Learned a level 1 spell: Sting
  8562 | Bailey   | Entered a bailey
  8574 | Bailey   | Reached ** piety under Nemelex Xobeh
  8786 | Bailey   | Reached skill level 1 in Spellcasting
  8882 | Bailey   | Reached skill level 10 in Fighting
  8882 | Bailey   | Reached skill level 15 in Axes
  8882 | Bailey   | Reached XP level 12. HP: 106/106 MP: 16/18
  8894 | Bailey   | Found a roughly hewn altar of Beogh.
  8955 | Bailey   | Identified the +6 scale mail "Ankiop" {rC+}
  9090 | D:10     | Found a blossoming altar of Fedhas.
  9153 | D:10     | Paralysed by a hornet for 3 turns
  9694 | D:11     | Noticed a boulder beetle
  9730 | D:10     | Killed a boulder beetle
  9808 | D:11     | Noticed Josephine
  9813 | D:11     | Killed Josephine
  9880 | D:11     | Received a gift from Nemelex Xobeh
  9978 | D:11     | Reached *** piety under Nemelex Xobeh
 10008 | D:11     | Noticed a two-headed ogre
 10019 | D:11     | Killed a two-headed ogre
 10143 | D:11     | Reached skill level 10 in Invocations
 10143 | D:11     | Reached XP level 13. HP: 106/113 MP: 18/20
 10190 | D:11     | Found a staircase to the Orcish Mines.
 10463 | D:11     | Received a gift from Nemelex Xobeh
 10964 | Lair:1   | Entered Level 1 of the Lair of Beasts
 11266 | Lair:1   | Received a gift from Nemelex Xobeh
 11416 | Lair:1   | Found the +6 shillelagh "Devastator" {shatter}
 11618 | Lair:1   | Noticed Jeremiah
 11629 | Lair:1   | Killed Jeremiah
 11767 | Lair:1   | Reached **** piety under Nemelex Xobeh
 12114 | Lair:2   | Received a gift from Nemelex Xobeh
 12130 | Lair:2   | Reached skill level 10 in Armour
 12489 | Lair:2   | Found a staircase to the Swamp.
 12561 | Lair:2   | Found a hole to the Spider Nest.
 12615 | Lair:2   | Received a gift from Nemelex Xobeh
 13151 | Lair:3   | Reached ***** piety under Nemelex Xobeh
 13156 | Lair:3   | Received a gift from Nemelex Xobeh
 13182 | Lair:3   | Reached XP level 14. HP: 109/121 MP: 18/21
 13321 | Lair:3   | Found a runed translucent door.
 13324 | Lair:3   | Noticed avis's ghost (journeyman FeSh)
 13734 | Lair:3   | Received a gift from Nemelex Xobeh
 13976 | Lair:3   | Received a gift from Nemelex Xobeh
 15134 | Lair:4   | Received a gift from Nemelex Xobeh
 15432 | Lair:5   | Entered Level 5 of the Lair of Beasts
 15564 | Lair:5   | Found a staircase to the Slime Pits.
 15701 | Lair:5   | Received a gift from Nemelex Xobeh
 15963 | Lair:5   | Reached XP level 15. HP: 77/129 MP: 16/23
 16704 | Lair:5   | Received a gift from Nemelex Xobeh
 16896 | Lair:5   | Found a corrupted altar of Lugonu.
 16896 | Lair:5   | Found a one-way gate to the infinite horrors of the Abyss.
 17239 | Lair:3   | Killed avis's ghost
 17400 | Orc:1    | Entered Level 1 of the Orcish Mines
 17519 | Orc:1    | Found Mivuej's Magic Scroll Emporium.
 17530 | Orc:1    | Bought a scroll of blinking for 105 gold pieces
 17842 | Orc:2    | Entered Level 2 of the Orcish Mines
 17997 | Orc:2    | Received a gift from Nemelex Xobeh
 18026 | Orc:2    | Found a staircase to the Elven Halls.
 18240 | Orc:2    | Found Ecahared's Weapon Shop.
 18240 | Orc:2    | Found Sitoibbe's General Store.
 18241 | Orc:2    | Found Ceusod's Armour Shoppe.
 18241 | Orc:2    | Found Dahej's Antique Armour Boutique.
 18583 | Orc:2    | Bought the +1 pair of gloves "Yrhimas" {Int+2 Slay+4} for
                  | 487 gold pieces
 18599 | Orc:2    | Bought an ancient leather armour for 189 gold pieces
 18599 | Orc:2    | Identified the +3 leather armour of Leapfrog {Rampage Int+3
                  | Slay+2} (You bought it in a shop on level 2 of the Orcish
                  | Mines)
 18602 | Orc:2    | Bought a slimy plate armour for 756 gold pieces
 18602 | Orc:2    | Identified the +3 plate armour of Elem {Contam rF+ Str+5
                  | SInv} (You bought it in a shop on level 2 of the Orcish
                  | Mines)
 18765 | D:12     | Received a gift from Nemelex Xobeh
 19489 | D:13     | Reached XP level 16. HP: 139/139 MP: 25/25
 19513 | D:13     | You are sucked into a shaft and drop 1 floor!
 19513 | D:14     | Reached ****** piety under Nemelex Xobeh
 19583 | D:14     | Reached skill level 5 in Dodging
 19605 | D:14     | Received a gift from Nemelex Xobeh
 19767 | D:14     | Found a gate leading to a gauntlet.
 19841 | Gauntlet | Entered a Gauntlet
 19841 | Gauntlet | Found a transporter.
 19841 | Gauntlet | Found a transporter.
 19864 | Gauntlet | Found a transporter.
 19882 | Gauntlet | Found a transporter.
 19882 | Gauntlet | Found a transporter.
 19885 | Gauntlet | Found a transporter.
 19885 | Gauntlet | Found a transporter.
 19886 | Gauntlet | Found a transporter.
 19897 | Gauntlet | Found a transporter.
 19897 | Gauntlet | Found the +2 hat of the Bear Spirit {Spirit, Bear, *Rage
                  | Will++}
 19913 | Gauntlet | Found a runed translucent door.
 19915 | Gauntlet | Found a transporter.
 19917 | Gauntlet | Found a runed translucent door.
 19925 | Gauntlet | Found a transporter.
 19929 | Gauntlet | Received a gift from Nemelex Xobeh
 19940 | Gauntlet | Found a transporter.
 19960 | Gauntlet | Found a transporter.
 19973 | Gauntlet | Found a transporter.
 20020 | Gauntlet | Identified the ring "Zyuqo" {rElec MP+9 Str+2 SInv}
 20082 | Gauntlet | Identified the +0 pair of boots "Yreen" {Rampage rC+ Will+}
 20560 | D:14     | Received a gift from Nemelex Xobeh
 21130 | D:13     | Received a gift from Nemelex Xobeh
 21556 | D:14     | Received a gift from Nemelex Xobeh
 21713 | D:14     | Found a gate to the Vaults.
 22034 | D:15     | Entered Level 15 of the Dungeon
 22242 | D:15     | Identified the +9 short sword "Liucalem" {flame, Str+3
                  | Int+2}
 22254 | D:15     | Received a gift from Nemelex Xobeh
 22406 | D:15     | Reached skill level 15 in Invocations
 22732 | D:15     | Found a staircase to the Depths.
 23073 | Crypt:3  | Identified the "Ulowem"
 23073 | Depths:3 | Identified the "Zoruck"
 23073 | Depths:3 | Identified the "Kunu"
 23073 | Elf:1    | Entered Level 1 of the Elven Halls
 23085 | Elf:1    | Paralysed by an air elemental for 1 turns
 23213 | Elf:1    | Reached XP level 17. HP: 146/146 MP: 28/28
 23379 | Elf:1    | Found the +8 orange crystal plate armour {Archmagi, Int+3
                  | Clar}
 23486 | Elf:1    | Received a gift from Nemelex Xobeh
 23493 | Elf:1    | Noticed Agnes
 23500 | Elf:1    | Killed Agnes
 23566 | Elf:1    | Paralysed by an air elemental for 1 turns
 23985 | Elf:1    | Noticed Azrael
 24013 | Elf:1    | Identified the +1 trident "Bonuth" {drain, rElec rPois rN+
                  | Str+2}
 24183 | Elf:1    | Reached skill level 27 in Axes
 24411 | Elf:1    | Killed Azrael
 25066 | Elf:2    | Found a runed translucent gate.
 25067 | Elf:2    | Found a runed translucent gate.
 25067 | Elf:2    | Found a runed translucent gate.
 25107 | Elf:2    | Received a gift from Nemelex Xobeh
 25332 | Elf:2    | Noticed a deep elf blademaster
 25355 | Elf:2    | Killed a deep elf blademaster
 25369 | Elf:2    | Identified the +1 long sword "Killer Klown's Death" {heavy,
                  | +Blink rPois Str-3 Stlth-}
 26168 | Elf:3    | Identified the "Xeqoreul"
 26168 | Elf:3    | Identified the "Fotiumosel"
 26168 | Elf:3    | Entered Level 3 of the Elven Halls
 26190 | Elf:3    | Received a gift from Nemelex Xobeh
 26330 | Elf:3    | Reached XP level 18. HP: 143/159 MP: 30/30
 26426 | Elf:3    | Found Enoutar's Jewellery Boutique.
 26458 | Elf:3    | Paralysed by an air elemental for 1 turns
 26465 | Elf:3    | Paralysed by an air elemental for 1 turns
 27315 | Elf:3    | Identified the +9 great mace of Hepliaklqana's Pride {elec,
                  | rPois rC+ MP+9 Dex-3}
 27527 | Elf:3    | Identified the amulet "Sedghieck" {Harm rElec Regen+ Dex+6}
 27630 | Elf:3    | Noticed a deep elf blademaster
 27634 | Elf:3    | Killed a deep elf blademaster
 27636 | Elf:3    | Identified the staff of Prudence {rF+ rC+ Str+3 Necro Ice}
 27646 | Elf:3    | Noticed a Brimstone Fiend
 27649 | Elf:3    | Noticed a deep elf master archer
 28017 | Elf:3    | Noticed a deep elf master archer
 28031 | Elf:3    | Reached skill level 15 in Armour
 28033 | Elf:3    | Killed a deep elf master archer
 28034 | Elf:3    | Identified the +1 dire flail of Ashenzari's Outrage
                  | {antimagic, Will+ Dex+3 Stlth+}
 28559 | Elf:3    | Killed a deep elf master archer
 28780 | Elf:3    | Identified the +8 scale mail of Fashionability {Will+}
 28780 | Elf:3    | Noticed a deep elf blademaster
 28787 | Elf:3    | Killed a deep elf blademaster
 28798 | Elf:3    | Identified the +0 leather armour of Dogat {rPois rN+ Str+3}
 28809 | Elf:3    | Noticed a Tzitzimitl
 29204 | Elf:3    | Received a gift from Nemelex Xobeh
 29214 | Elf:3    | Identified the +4 ring mail of Grottiness {Dex+3}
 29221 | Elf:3    | Identified the +2 plate armour "Ypiri" {rElec rN+ Dex+4}
 29224 | Elf:3    | Identified the +9 chain mail of Gosseitus {rElec rPois
                  | Int-4}
 29247 | Elf:3    | Identified the +10 hand axe of the Past {holy, Str+4}
 29715 | Swamp:1  | Entered Level 1 of the Swamp
 30065 | Swamp:1  | Received a gift from Nemelex Xobeh
 30188 | Swamp:1  | Reached skill level 1 in Conjurations
 30188 | Swamp:1  | Reached skill level 1 in Fire Magic
 30686 | Swamp:2  | Received a gift from Nemelex Xobeh
 31031 | Swamp:3  | Reached skill level 15 in Fighting
 31139 | Swamp:3  | Reached XP level 19. HP: 170/170 MP: 31/31
 31485 | Swamp:4  | Entered Level 4 of the Swamp
 31631 | Swamp:4  | Noticed a tentacled monstrosity
 31640 | Swamp:4  | Killed a tentacled monstrosity
 31952 | Swamp:4  | Received a gift from Nemelex Xobeh
 32411 | Swamp:4  | Got a decaying rune of Zot
 32638 | Swamp:4  | Received a gift from Nemelex Xobeh
 32803 | Spider:1 | Entered Level 1 of the Spider Nest
 33256 | Spider:1 | Received a gift from Nemelex Xobeh
 34196 | Spider:2 | Reached skill level 5 in Fire Magic
 34205 | Spider:2 | Identified a scroll of acquirement
 34214 | Spider:2 | Identified the "Rotozoch" (You acquired it on level 2 of
                  | the Spider Nest)
 34214 | Spider:2 | Acquired a +2 broad axe of freezing
 34524 | Spider:2 | Reached skill level 5 in Spellcasting
 34524 | Spider:2 | Reached skill level 5 in Conjurations
 34750 | Spider:3 | Reached XP level 20. HP: 180/180 MP: 33/33
 34810 | Spider:3 | Received a gift from Nemelex Xobeh
 35094 | Spider:3 | Identified the +1 chain mail "Vorpheebi" {Dex+3}
 35506 | Spider:3 | Identified the granite talisman "Cicsiok" {rN+}
 35627 | Spider:4 | Entered Level 4 of the Spider Nest
 35859 | Spider:4 | Received a gift from Nemelex Xobeh
 36045 | Spider:4 | Identified the serpent talisman of Cowardice {rN++ rCorr
                  | Str-5 Dex+3}
 36045 | Spider:4 | Noticed Aizul
 36053 | Spider:4 | Killed Aizul
 36627 | Spider:4 | Got a gossamer rune of Zot
 37104 | Vaults:1 | Entered Level 1 of the Vaults
 37439 | Vaults:1 | Found Xierhiz's Armour Emporium.
 37480 | Vaults:1 | Received a gift from Nemelex Xobeh
 37896 | Vaults:1 | Reached XP level 21. HP: 191/191 MP: 34/34
 38057 | Vaults:1 | Received a gift from Nemelex Xobeh
 38364 | Vaults:2 | Received a gift from Nemelex Xobeh
 38493 | Vaults:2 | Paralysed by a formless jellyfish for 1 turns
 39032 | Vaults:2 | Received a gift from Nemelex Xobeh
 39371 | Vaults:2 | Received a gift from Nemelex Xobeh
 39817 | Vaults:3 | Received a gift from Nemelex Xobeh
 40118 | Vaults:3 | Received a gift from Nemelex Xobeh
 40236 | Vaults:3 | Noticed a bone dragon
 40241 | Vaults:3 | Found a staircase to the Crypt.
 40241 | Vaults:3 | Killed a bone dragon
 40845 | Vaults:4 | Received a gift from Nemelex Xobeh
 40881 | Vaults:4 | Found Ponwaass's Weapon Shop.
 40973 | Vaults:4 | Found Kahez's Book Emporium.
 40984 | Vaults:4 | Bought a manual of Conjurations for 1760 gold pieces
 41184 | Vaults:4 | Received a gift from Nemelex Xobeh
 41186 | Vaults:4 | Found Lapidy's Assorted Antiques.
 41190 | Vaults:4 | Reached XP level 22. HP: 198/203 MP: 36/36
 41254 | Vaults:4 | Bought a brightly glowing helmet for 304 gold pieces
 41254 | Vaults:4 | Identified the +0 helmet of Geotyorph {*Corrode rPois
                  | Int+3} (You bought it in a shop on level 4 of the Vaults)
 41478 | Vaults:4 | Found Ygojiolo's Jewellery Shoppe.
 41502 | Vaults:4 | Found Learocki's Magic Scroll Shoppe.
 41508 | Vaults:4 | Bought a scroll of teleportation for 54 gold pieces
 41508 | Vaults:4 | Bought a scroll of blinking for 135 gold pieces
 41514 | Vaults:4 | Found Gidghies's Jewellery Shoppe.
 41644 | Vaults:4 | Found Xoasuz's Jewellery Shop.
 41645 | Vaults:4 | Found Waask's Book Emporium.
 42099 | Depths:1 | Entered Level 1 of the Depths
 42102 | Depths:1 | Received a gift from Nemelex Xobeh
 42188 | Depths:1 | Noticed Asterion
 42234 | Depths:1 | Killed Asterion
 42474 | Depths:1 | Noticed a juggernaut
 42479 | Depths:1 | Killed a juggernaut
 42682 | Depths:1 | Noticed Jutoxo's ghost (veteran GnWn)
 42683 | Depths:1 | Found a runed translucent gate.
 42684 | Depths:1 | Found a runed translucent gate.
 42686 | Depths:1 | Found a runed translucent gate.
 42755 | Depths:1 | Received a gift from Nemelex Xobeh
 42796 | Depths:1 | Found a one-way gate leading to the halls of Pandemonium.
 42987 | Depths:1 | Found a gateway to Hell.
 43302 | Depths:2 | Noticed Sojobo
 43402 | Depths:2 | Received a gift from Nemelex Xobeh
 43860 | Depths:2 | Found a one-way gateway to a ziggurat.
 43952 | Depths:2 | Killed Sojobo
 44019 | Depths:2 | Found a glowing silver altar of Zin.
 44050 | Depths:2 | Found Niugrepyha's Jewellery Shop.
 44267 | Depths:2 | Reached XP level 23. HP: 210/210 MP: 37/37
 44306 | Depths:2 | Identified the dragon-blood talisman "Tovang" {rF+}
 44516 | Depths:2 | Received a gift from Nemelex Xobeh
 44612 | Depths:2 | Noticed Jory
 44621 | Depths:2 | Killed Jory
 45042 | Elf:3    | Bought the amulet of Lilluhiu {RegenMP rN+} for 741 gold
                  | pieces
 45551 | Depths:3 | Found a shimmering blue altar of Sif Muna.
 45557 | Depths:3 | Reached skill level 10 in Conjurations
 46005 | Depths:3 | Found a runed translucent door.
 46157 | Depths:3 | Noticed Louise
 46169 | Depths:3 | Killed Louise
 46213 | Depths:3 | Noticed Otufioz's ghost (veteran GnWn)
 46215 | Depths:3 | Received a gift from Nemelex Xobeh
 46452 | Depths:3 | Killed Otufioz's ghost
 46457 | Depths:3 | Found a runed translucent door.
 46460 | Depths:3 | Noticed Joach's ghost (veteran GnWn)
 46483 | Depths:3 | Killed Joach's ghost
 46488 | Depths:3 | Found a runed translucent door.
 46491 | Depths:3 | Noticed Rutraf's ghost (veteran DEHs)
 46536 | Depths:3 | Killed Rutraf's ghost
 46842 | Depths:3 | Identified the +2 pair of gloves of Hairiness {Will+ Str+2
                  | Dex+6}
 46909 | Depths:4 | Entered Level 4 of the Depths
 46987 | Depths:4 | Found a portal to a secret trove of treasure.
 47390 | Depths:4 | Found a gate to the Realm of Zot.
 47724 | Depths:4 | Noticed Xtahua
 47735 | Depths:4 | Killed Xtahua
 47931 | Depths:4 | Noticed Boris
 47954 | Depths:4 | Killed Boris
 48189 | Depths:4 | Received a gift from Nemelex Xobeh
 48197 | Depths:4 | Reached XP level 24. HP: 159/224 MP: 38/38
 48547 | Depths:4 | Found a corrupted altar of Lugonu.
 49229 | Crypt:1  | Entered Level 1 of the Crypt
 49408 | Crypt:1  | Identified the +4 robe of Love and Death {rF- rCorr SInv}
 49660 | Crypt:1  | Received a gift from Nemelex Xobeh
 50103 | Crypt:1  | You fall into a shaft and drop 1 floor!
 50130 | Crypt:2  | Received a gift from Nemelex Xobeh
 50488 | Crypt:2  | Reached skill level 10 in Spellcasting
 50549 | Crypt:2  | Noticed an ancient lich
 50561 | Crypt:2  | Killed an ancient lich
 50731 | Crypt:2  | Noticed Frederick
 50741 | Crypt:2  | Killed Frederick
 50863 | Crypt:2  | Received a gift from Nemelex Xobeh
 51029 | Crypt:2  | Noticed Boris
 51038 | Crypt:2  | Killed Boris
 51359 | Crypt:2  | Received a gift from Nemelex Xobeh
 51437 | Crypt:3  | Entered Level 3 of the Crypt
 52141 | Crypt:3  | Identified the +2 long sword of Xydoiz {venom, rC- rN+
                  | rCorr Int+2}
 52160 | Crypt:3  | Noticed a curse toe
 52168 | Crypt:3  | Noticed an ancient lich
 52466 | Crypt:3  | Received a gift from Nemelex Xobeh
 53226 | Crypt:2  | Killed a curse toe
 53227 | Crypt:2  | Reached XP level 25. HP: 235/236 MP: 38/38
 53234 | Crypt:3  | Killed an ancient lich
 53534 | Crypt:3  | Found a staircase to the Tomb.
 53782 | Crypt:3  | Received a gift from Nemelex Xobeh
 53784 | Crypt:3  | Found an ancient bone altar of Kikubaaqudgha.
 53787 | Crypt:3  | Found a basalt altar of Yredelemnul.
 54005 | Vaults:5 | Entered Level 5 of the Vaults
 54522 | Vaults:5 | Reached skill level 10 in Fire Magic
 56143 | Vaults:5 | Received a gift from Nemelex Xobeh
 56159 | Vaults:5 | Found Rooka's Magic Scroll Shoppe.
 56176 | Vaults:5 | Got a silver rune of Zot
 56201 | Vaults:5 | Found Yshruxa's Distillery.
 56206 | Vaults:5 | Bought a potion of heal wounds for 90 gold pieces
 56206 | Vaults:5 | Bought a potion of heal wounds for 90 gold pieces
 56670 | Vaults:5 | Received a gift from Nemelex Xobeh
 56676 | Vaults:5 | Found Juup's Jewellery Shoppe.
 56895 | Vaults:5 | Found Ubra Xyoteqi's Distillery.
 56899 | Vaults:5 | Bought a potion of experience for 750 gold pieces
 56899 | Vaults:5 | Reached XP level 26. HP: 248/248 MP: 38/38
 56900 | Vaults:5 | Bought a potion of heal wounds for 75 gold pieces
 56900 | Vaults:5 | Found Kahua's Distillery.
 56960 | Vaults:5 | Found Badioqi's Distillery.
 56966 | Vaults:5 | Bought a potion of haste for 190 gold pieces
 57008 | Vaults:5 | Found Huetoguf's Antique Weapon Shop.
 57381 | Zot:1    | Identified the of Fushupt
 57381 | Zot:1    | Entered Level 1 of the Realm of Zot
 57973 | Depths:2 | Bought the ring "Ocraesei" {rF+ rN+ Int+6 Dex+3} for 847
                  | gold pieces
 58155 | Depths:4 | Reached XP level 27. HP: 256/256 MP: 37/38
 58373 | Zot:1    | Learned a level 1 spell: Foxfire
 58402 | Zot:1    | Learned a level 4 spell: Sticky Flame
 58407 | Zot:1    | Learned a level 4 spell: Flame Wave
 58413 | Zot:1    | Learned a level 5 spell: Fireball
 58479 | Zot:1    | Noticed an orb of fire
 58497 | Zot:1    | Gained mutation: You are dopey. (Int -2) [an orb of fire]
 58498 | Zot:1    | Killed an orb of fire
 58856 | Zot:1    | Received a gift from Nemelex Xobeh
 59196 | Zot:1    | Received a gift from Nemelex Xobeh
 59730 | Slime:1  | Entered Level 1 of the Pits of Slime
 60523 | Slime:1  | You fall into a shaft and drop 1 floor!
 60598 | Slime:1  | Received a gift from Nemelex Xobeh
 60660 | Slime:1  | Gained mutation: You are weak. (Str -2) [a shining eye]
 60661 | Slime:1  | Gained mutation: Armour fits poorly on your strangely
                  | shaped body. [a shining eye]
 60953 | Slime:3  | Received a gift from Nemelex Xobeh
 61158 | Slime:3  | Reached skill level 27 in Armour
 62021 | Slime:4  | Received a gift from Nemelex Xobeh
 62535 | Slime:5  | Identified the "Kiph"
 62535 | Slime:5  | Entered Level 5 of the Pits of Slime
 62548 | Slime:5  | Noticed the Royal Jelly
 63077 | Slime:5  | Paralysed by a formless jellyfish for 1 turns
 63177 | Slime:5  | Received a gift from Nemelex Xobeh
 63182 | Slime:5  | Found a viscous altar of Jiyva.
 63360 | Slime:5  | Killed the Royal Jelly
 63362 | Slime:5  | Found the +3 pair of seven-league boots {Rampage+∞}
 63714 | Slime:5  | Identified the amulet "Fap Zaf" {Spirit Dex+6 Stlth+}
 63720 | Slime:5  | Identified the +7 halberd of the Blessed Realm {flame, Fly
                  | rF+}
 63740 | Slime:5  | Identified the +11 mace of the Unseen Realm {flame, Dex+3}
 63743 | Slime:5  | Got a slimy rune of Zot
 63803 | Slime:5  | Identified the +5 arbalest of Zin's Supremacy {elec, Dex+3}
 63807 | Slime:5  | Identified the ring "Zeamma Olui" {rF+ rCorr}
 64040 | Slime:5  | Found the +8 mithril axe "Arga" {speed, Will+}
 64047 | Slime:5  | Identified the +2 ring mail of the Lair of Beasts {+Inv
                  | Dex+2}
 65247 | Zot:1    | HP: 13/260 [poisoned by a green draconian monk]
 65252 | Depths:4 | HP: 10/260 [poisoned by a green draconian monk]
 65942 | Zot:2    | Received a gift from Nemelex Xobeh
 66757 | Zot:3    | Received a gift from Nemelex Xobeh
 66793 | Zot:3    | Noticed Vv
 66980 | Zot:3    | Killed Vv
 67442 | Zot:3    | Found the +4 dragonskin cloak
 67442 | Zot:3    | Noticed Tiamat
 67637 | Zot:2    | Identified the +1 trident "Trog's Fury" {drain, Int+4}
 67651 | Zot:2    | Killed Tiamat
 68539 | Zot:4    | a Killer Klown changed into a juggernaut
 68539 | Zot:4    | Noticed a juggernaut
 69035 | Zot:3    | Killed a juggernaut
 71187 | Zot:4    | Received a gift from Nemelex Xobeh
 71433 | Zot:5    | Entered Level 5 of the Realm of Zot
 71946 | Zot:5    | Noticed an ancient lich
 71946 | Zot:5    | Noticed an orb of fire
 71948 | Zot:5    | Noticed a dread lich
 71948 | Zot:5    | Noticed an orb of fire
 71948 | Zot:5    | Gained mutation: You have a somewhat thin skeletal
                  | structure. (Dex +2, Stealth+) [an orb of fire]
 71949 | Zot:5    | Gained mutation: You occasionally lose the ability to read
                  | scrolls when taking damage. [an orb of fire]
 73526 | Vaults:4 | Bought a scroll of noise for 18 gold pieces
 73526 | Vaults:4 | Bought a scroll of butterflies for 72 gold pieces
 73526 | Vaults:4 | Bought a scroll of fog for 72 gold pieces
 73526 | Vaults:4 | Bought a scroll of poison for 72 gold pieces
 73526 | Vaults:4 | Bought a scroll of poison for 72 gold pieces
 75276 | Zot:5    | Reached skill level 27 in Fighting
 75480 | Zot:5    | Killed a dread lich
 75708 | Zot:5    | Gained mutation: You have hidden genetic defects. [an orb
                  | of fire]
 75715 | Zot:5    | Killed an orb of fire
 75755 | Zot:5    | Lost mutation: Armour fits poorly on your strangely shaped
                  | body. [potion of mutation]
 75755 | Zot:5    | Lost mutation: You are dopey. (Int -2) [potion of mutation]
 75755 | Zot:5    | Lost mutation: You have hidden genetic defects. [potion of
                  | mutation]
 75755 | Zot:5    | Gained mutation: You are covered in fur. (AC +1) [potion of
                  | mutation]
 76271 | Zot:5    | Noticed an orb of fire
 76273 | Zot:5    | Gained mutation: You do not regenerate when monsters are
                  | visible. [an orb of fire]
 76284 | Zot:5    | Killed an orb of fire
 76297 | Zot:5    | Gained mutation: You are clumsy. (Dex -2) [an orb of fire]
 76299 | Zot:5    | Killed an orb of fire
 76310 | Zot:5    | Killed an ancient lich
 76517 | Zot:5    | Noticed an orb of fire
 76518 | Zot:5    | Gained mutation: You occasionally lose the ability to drink
                  | potions when taking damage. [an orb of fire]
 76526 | Zot:5    | Gained mutation: You sometimes lose your temper in combat.
                  | [an orb of fire]
 76527 | Zot:5    | Gained mutation: You sometimes lose the ability to read
                  | scrolls when taking damage. [an orb of fire]
 76530 | Zot:5    | Killed an orb of fire
 76557 | Zot:5    | Lost mutation: You are weak. (Str -2) [potion of mutation]
 76557 | Zot:5    | Lost mutation: You do not regenerate when monsters are
                  | visible. [potion of mutation]
 76557 | Zot:5    | Lost mutation: You occasionally lose the ability to drink
                  | potions when taking damage. [potion of mutation]
 76557 | Zot:5    | Gained mutation: You are partially covered in iridescent
                  | scales. (AC +2) [potion of mutation]
 76557 | Zot:5    | Gained mutation: Your magical capacity is low. (-10% MP)
                  | [potion of mutation]
 76557 | Zot:5    | Gained mutation: You have large cloven feet. [potion of
                  | mutation]
 76573 | Zot:5    | Noticed an orb of fire
 76577 | Zot:5    | Noticed an orb of fire
 76582 | Zot:5    | Lost mutation: You sometimes lose your temper in combat.
                  | [an orb of fire]
 76582 | Zot:5    | Gained mutation: You are dopey. (Int -2) [an orb of fire]
 76584 | Zot:5    | Gained mutation: Potions are less effective at restoring
                  | your health. [an orb of fire]
 76588 | Zot:5    | Killed an orb of fire
 76589 | Zot:5    | Gained mutation: You have hidden genetic defects. [an orb
                  | of fire]
 76596 | Zot:5    | Noticed an orb of fire
 76596 | Zot:5    | Noticed an orb of fire
 76598 | Zot:5    | Noticed an orb of fire
 76609 | Zot:5    | Gained mutation: Armour fits poorly on your strangely
                  | shaped body. [an orb of fire]
 76613 | Zot:5    | Lost mutation: You have large cloven feet. [an orb of fire]
 77003 | Zot:4    | Lost mutation: You are covered in fur. (AC +1) [potion of
                  | mutation]
 77003 | Zot:4    | Lost mutation: Armour fits poorly on your strangely shaped
                  | body. [potion of mutation]
 77003 | Zot:4    | Gained mutation: Your system is resistant to poisons.
                  | (rPois) [potion of mutation]
 77004 | Zot:4    | Lost mutation: You are clumsy. (Dex -2) [potion of
                  | mutation]
 77004 | Zot:4    | Lost mutation: You sometimes lose the ability to read
                  | scrolls when taking damage. [potion of mutation]
 77004 | Zot:4    | Lost mutation: Your magical capacity is low. (-10% MP)
                  | [potion of mutation]
 77004 | Zot:4    | Gained mutation: You have a pair of small horns on your
                  | head. [potion of mutation]
 77161 | Zot:5    | Gained mutation: You are frail. (-10% HP) [an orb of fire]
 77164 | Zot:5    | Gained mutation: You sometimes lose your temper in combat.
                  | [an orb of fire]
 77165 | Zot:5    | Gained mutation: Your body sometimes deteriorates upon
                  | taking damage. [an orb of fire]
 77173 | Zot:5    | Killed an orb of fire
 77173 | Zot:5    | Gained mutation: You sometimes lose the ability to read
                  | scrolls when taking damage. [an orb of fire]
 77174 | Zot:5    | Killed an orb of fire
 77185 | Zot:5    | Lost mutation: You sometimes lose the ability to read
                  | scrolls when taking damage. [an orb of fire]
 77186 | Zot:5    | Gained mutation: Armour fits poorly on your strangely
                  | shaped body. [an orb of fire]
 77189 | Zot:5    | Killed an orb of fire
 77494 | Zot:5    | Lost mutation: Potions are less effective at restoring your
                  | health. [potion of mutation]
 77494 | Zot:5    | Lost mutation: You are frail. (-10% HP) [potion of
                  | mutation]
 77494 | Zot:5    | Lost mutation: Your system is resistant to poisons. (rPois)
                  | [potion of mutation]
 77494 | Zot:5    | Gained mutation: You are frail. (-10% HP) [potion of
                  | mutation]
 77495 | Zot:5    | Lost mutation: You sometimes lose your temper in combat.
                  | [potion of mutation]
 77495 | Zot:5    | Lost mutation: You occasionally lose the ability to read
                  | scrolls when taking damage. [potion of mutation]
 77495 | Zot:5    | Gained mutation: You expend magic power (3 MP) to
                  | strengthen your wands. [potion of mutation]
 77495 | Zot:5    | Gained mutation: You passively map a small area around you.
                  | [potion of mutation]
 77496 | Zot:5    | Lost mutation: Armour fits poorly on your strangely shaped
                  | body. [potion of mutation]
 77496 | Zot:5    | Lost mutation: Your body sometimes deteriorates upon taking
                  | damage. [potion of mutation]
 77496 | Zot:5    | Gained mutation: Armour fits poorly on your strangely
                  | shaped body. [potion of mutation]
 77833 | Zot:5    | Paralysed by a Zot trap for 2 turns
 77994 | Zot:5    | Reached skill level 15 in Conjurations
 78017 | Zot:5    | Gained mutation: You are clumsy. (Dex -2) [hidden defects]
 78108 | Zot:5    | Gained mutation: You are very frail. (-20% HP) [an orb of
                  | fire]
 78112 | Zot:5    | Gained mutation: You occasionally shout uncontrollably at
                  | your foes. [an orb of fire]
 78115 | Zot:5    | Gained mutation: You frequently scream uncontrollably at
                  | your foes. [an orb of fire]
 78126 | Zot:5    | Killed an orb of fire
 78249 | Zot:5    | Reached skill level 10 in Dodging
 79558 | Zot:5    | Got the Orb of Zot
 79937 | D:15     | Noticed Laij the pandemonium lord
 80302 | D:$      | Escaped with the Orb!

Illustrated notes

Levels and vault maps discovered:
D:1:      saegor_arrival_simple_e, layout_basic
D:2:      layout_rooms, minmay_misc_feat_more_columns, uniq_natasha,
          uniq_sigmund, uniq_robin, uniq_terence
D:3:      layout_basic, nicolae_ru_awakened_eye, nicolae_overflow_hidden_temple,
          dilly_ecumenical_altar_fadedgnrine, uniq_ijyb
D:4:      layout_basic, nicolae_kite_square_tiling_tiny, uniq_blork_the_orc
D:5:      lemuel_ice_spiral_2, layout_rooms, general_overflow_altar
D:6:      layout_basic
D:7:      layout_loops_ring, mainiacjoe_overflow_paths, okawaru_trees_1,
          minmay_temple_entry_large_hall, hangedman_decor_slide_cut,
          nrook_loot_triangle, uniq_joseph
D:8:      minmay_razor_zed, layout_loops_ring, gammafunk_temple_overflow_statue,
          lair_entry_dummy, uniq_prince_ribbit1, uniq_erica, uniq_maggie
D:9:      layout_loops_cross, tgw_kikubaaqudgha
D:10:     layout_roguey, kennysheep_mini_moat, lightli_bailey_entry_fortress
D:11:     layout_gridville, erik_orc_4, amcnicky_mini_corridor_feature,
          uniq_josephine
D:12:     layout_cave_pods
D:13:     layout_loops_cross
D:14:     layout_roguey, hellmonk_vaults_attempted_burglary,
          gauntlet_entry_generic, infiniplex_staircase_zigzag_3,
          grunt_ministairs_13, minivault_1
D:15:     grunt_enter_depths_snipers, layout_long_grid, hex_tiny
Temple:   hellmonk_temple_divided_pantheon
Lair:1:   layout_hall_layers, st_stairs_3, uniq_jeremiah
Lair:2:   lemuel_reptile_caves, layout_loops_ring, skrybe_swamp_entry_bodies,
          dummy_spider_entry, minmay_holes, chequers_serial_rivers_marsh
Lair:3:   layout_hall_layers, ebering_ghost_inner_flame
Lair:4:   layout_cave_pods, minmay_lair_drake_nest, grunt_megastairs_1,
          serial_bayou_shore_a, lemuel_fruit_tree, infiniplex_staircase_pool_2,
          serial_bayou_shore_b
Lair:5:   hellmonk_lair_end_abyssal_woods, layout_big_grid,
          minmay_slime_entry_pillars
Swamp:1:  layout_basic_swamp, serial_swamp_ruin, evilmike_swamp_ruin_house_2,
          evilmike_swamp_ruin_rubble_1, hangedman_swamp_ruin_wall, swamp_pool_3
Swamp:2:  layout_basic_swamp, evilmike_swamp_ruin_house_1, swamp_pool_1_2
Swamp:3:  layout_basic_swamp, evilmike_swamp_ruin_wall,
          infiniplex_staircase_pool
Swamp:4:  nzn_swamp_witches_coven, layout_basic_swamp
Spider:1: layout_spider_delve
Spider:2: layout_spider_delve, nicolae_spider_wall_of_niches
Spider:3: layout_spider_delve, nicolae_spider_jagged_tunnels
Spider:4: spider_rune_water, drop_trap, uniq_aizul
Slime:1:  layout_caves
Slime:2:  layout_caves
Slime:3:  layout_caves, cheibrodos_slime_lost_civilization_7
Slime:4:  layout_caves
Slime:5:  slime_pit_nicolae_jellycorners
Orc:1:    layout_caves, serial_shops, nicolae_shop_stone, mines5_lemuel
Orc:2:    st_orc_ogre_mass, layout_diamond_mine, special_room
Elf:1:    eino_elf_arrival_the_gate, layout_loops_corners, minivault_28,
          hangedman_elf_represent, uniq_azrael, uniq_agnes
Elf:2:    nicolae_elf_blades_crystal_corner, layout_geoelf_octagon
Elf:3:    grunt_elf_hall_branching, layout_onion_city, serial_shops,
          nicolae_shop_trees
Vaults:1: vaults_mumra_chevron_long, nicolae_vaults_storage_closets_3,
          vaults_room_grunt_arrival_ludios, nicolae_vaults_steering_wheel,
          ontoclasm_vaults_misaligned, hangedman_vaults_capsules,
          nicolae_vaults_taking_the_gang_shopping, ontoclasm_vaults_shuriken,
          nicolae_vaults_display_case, nicolae_vaults_tetromino_T_2,
          nicolae_vaults_trapezoid_1, layout_vaults_big_room
Vaults:2: vaults_dpeg_cross, hangedman_surveillance_ring,
          vaults_standard_mumra_lines, nicolae_vaults_double_plus_1,
          hangedman_vaults_pinch, nicolae_vaults_tetromino_L_1,
          hangedman_vaults_river_flow, nicolae_vaults_tetromino_T_2,
          layout_vaults_omnigrid
Vaults:3: nicolae_vaults_trapezoid_3, vaults_standard_mumra_x,
          minmay_crypt_entry_nasty_monster, v_rooms_2,
          nicolae_vaults_apartment_2, nicolae_vaults_what_the_h,
          nicolae_vaults_angled_halls, v_misc_26, v_alt_pattern_4,
          vaults_room_semicircle, serial_ice_h, v_alt_pattern_2,
          nicolae_vaults_lightning_bolt, nicolae_vaults_oval_intersection,
          layout_vaults_ring
Vaults:4: vaults_room_grid, nicolae_vaults_surprise_closet,
          hangedman_vaults_hard_town_square, v_misc_15, v_pattern_1,
          nicolae_vaults_cochlea, nicolae_vaults_little_squares_5,
          nicolae_vaults_house_1, nicolae_vaults_mini_display_case,
          nicolae_vaults_sesquioval_fish, layout_vaults_omnicross, serial_shops,
          nicolae_shop_waterfront, shop, shop, nicolae_shop_hallway_stairs,
          nicolae_book_shop_shelving
Vaults:5: uniq_margery
Crypt:1:  layout_regular_city, lemuel_hellish_altar,
          grunt_crypt_arrival_guarded_gate
Crypt:2:  layout_regular_city, grunt_megastairs_4, uniq_frederick,
          uniq_josephina
Crypt:3:  lightli_unholy_cathedral, layout_chaotic_city,
          tomb_entry_shell_bobbens, minicrypt_bobbens
Depths:1: layout_roguey, gammafunk_ghost_split, nicolae_triple_integral,
          grunt_hell_entry_dis_grunt, rand_demon_pan_entry_5,
          chequers_serial_rivers_small_3, lemuel_flame_loot_1, uniq_asterion
Depths:2: due_jory_tower, layout_long_grid, enter_ziggurat_f, serial_shops,
          shop, rand_demon_pan_entry_8, grunt_mini_vestibule,
          abyss_entry_small_statue_room, zin_angel, uniq_sojobo
Depths:3: nicolae_moon_pools, layout_cave_pools,
          nicolae_abyss_entry_one_way_or_another, nicolae_sif_muna_condensation,
          hell_entry, muffindrake_ghost_three_little_ghosts
Depths:4: grunt_crosshair, layout_gridlike, nrook_uturn,
          abyss_entry_flame_altar, enter_trove_2, pf_hell_entry_tar_river,
          uniq_boris, uniq_xtahua
Zot:1:    layout_cathedral_of_symmetry
Zot:2:    layout_misc_corridors
Zot:3:    layout_basic, bh_zot_ikea_curve, st_stairs_10, uniq_tiamat, uniq_vv
Zot:4:    layout_onion
Zot:5:    layout_concentric_octagons

Skill      XL: |  1  2  3  4  5  6  7  8  9 10 11 12 13 14 15 16 17 18 19 20 21 22 23 24 25 26 27 |
---------------+----------------------------------------------------------------------------------+-----
Axes           | 3 4 5 6 7 9 12 14 15 17 20 22 24 26 27 | 27.0
Fighting       | 4 5 6 7 8 10 11 12 13 15 16 17 18 19 20 21 22 27 | 27.0
Armour         | 4 6 7 8 11 12 14 16 17 19 20 22 23 25 26 27 | 27.0
Shields        | 4 5 6 7 |  7.0
Throwing       | 1 |  1.0
Evocations     | 1 3 |  3.0
Dodging        | 1 3 4 5 6 10 | 10.4
Invocations    | 4 6 8 10 11 13 15 16 17 18 19 20 21 22 23 | 23.4
Spellcasting   | 2 3 5 6 7 8 9 10 13 | 13.4
Transmutations | 2 3 |  3.0
Poison Magic   | 2 3 |  3.0
Conjurations   | 2 5 9 10 15 | 15.0
Fire Magic     | 2 5 8 11 12 | 12.0

Action                     |  1- 3 |  4- 6 |  7- 9 | 10-12 | 13-15 | 16-18 | 19-21 | 22-24 | 25-27 || total
---------------------------+-------+-------+-------+-------+-------+-------+-------+-------+-------++-------
  Melee: War axe           |    92 |   112 |   254 |   413 |   825 |   993 |   302 |       |       ||  2991
         Shillelagh        |       |       |       |       |   107 |       |    35 |       |       ||   142
         Broad axe         |       |       |       |       |       |       |   703 |  1244 |  1486 ||  3433
         Headbutt          |       |       |       |       |       |       |       |       |    54 ||    54
  Throw: Dart              |       |    10 |    34 |    42 |    34 |    26 |       |     1 |     1 ||   148
         Throwing net      |       |       |     2 |     1 |       |       |       |       |       ||     3
   Cast: Sting             |       |       |       |       |     7 |       |     2 |       |       ||     9
         Fireball          |       |       |       |       |       |       |       |       |    24 ||    24
         Foxfire           |       |       |       |       |       |       |       |       |     3 ||     3
         Sticky Flame      |       |       |       |       |       |       |       |       |     1 ||     1
 Invoke: Draw Destruction  |       |       |       |     4 |    20 |    41 |    10 |    31 |    43 ||   149
         Draw Summoning    |       |       |       |     2 |     6 |    13 |     2 |     9 |    13 ||    45
         Draw Escape       |       |       |       |       |     2 |     1 |       |     2 |     3 ||     8
  Evoke: Wand              |       |     3 |     3 |     5 |     2 |     1 |     1 |       |     8 ||    23
         Phantom mirror    |       |       |       |       |       |       |       |       |     1 ||     1
    Use: Scroll            |     2 |     3 |    10 |     9 |     7 |    10 |    12 |     5 |    28 ||    86
         Potion            |       |     1 |     1 |     3 |     1 |       |     1 |     2 |    22 ||    31
   Stab: Held in net/web   |       |       |       |     1 |       |       |       |       |       ||     1
         Invisible         |       |       |       |       |     1 |     5 |       |       |       ||     6
         Distracted        |       |       |       |       |     4 |     5 |       |     2 |     2 ||    13
         Petrified         |       |       |       |       |       |     5 |       |       |       ||     5
 Armour: Scale mail        |    81 |    38 |    35 |    59 |   425 |   184 |       |       |       ||   822
         Steam dragon scal |       |       |    58 |   104 |       |       |       |       |       ||   162
         Crystal plate arm |       |       |       |       |       |   376 |   307 |  1390 |   793 ||  2866
         Chain mail        |       |       |       |       |       |    97 |   508 |       |   157 ||   762
         Gold dragon scale |       |       |       |       |       |       |       |       |  1311 ||  1311
  Dodge: Dodged            |    61 |    69 |   187 |   367 |   652 |   308 |   659 |   708 |   835 ||  3846
  Block: Buckler           |    27 |    23 |    58 |   102 |   189 |   327 |   555 |   591 |   694 ||  2566
         Reflection        |       |       |       |       |       |    36 |    58 |     7 |    36 ||   137

Table legend: (Time is in decaauts)
 A = Elapsed time spent in this place.
 B = Non-inter-level travel time spent in this place.
 C = Inter-level travel time spent in this place.
 D = Time resting spent in this place.
 E = Time spent auto-exploring this place.
 F = Levels seen in this place.
 G = Mean time per level.
                   A        B        C        D        E       F      G
               +--------+--------+--------+--------+--------+-----+--------+
         Total |  81046 |  71597 |   9449 |  18385 |  36269 |  58 | 1397.3 |
       Dungeon |  18342 |  14430 |   3912 |   1848 |   9104 |  15 | 1222.8 |
        Temple |     39 |     26 |     13 |      0 |      0 |   1 |   39.0 |
          Lair |   6466 |   5759 |    707 |    376 |   4151 |   5 | 1293.2 |
         Swamp |   3213 |   3023 |    190 |    507 |   1750 |   4 |  803.2 |
   Spider Nest |   3884 |   3585 |    299 |    319 |   2234 |   4 |  971.0 |
    Slime Pits |   4408 |   4027 |    381 |   1039 |   2194 |   5 |  881.6 |
  Orcish Mines |   1478 |   1184 |    294 |     93 |    773 |   2 |  739.0 |
   Elven Halls |   6361 |   5671 |    690 |   1552 |   2631 |   3 | 2120.3 |
        Vaults |   8840 |   7820 |   1020 |   1607 |   4890 |   5 | 1768.0 |
         Crypt |   4767 |   4568 |    199 |   1282 |   1988 |   3 | 1589.0 |
        Depths |   8333 |   7129 |   1204 |   2365 |   3158 |   4 | 2083.2 |
           Zot |  14111 |  13576 |    535 |   7205 |   3255 |   5 | 2822.2 |
        Bailey |    433 |    433 |      0 |    116 |      0 |   1 |  433.0 |
      Gauntlet |    364 |    364 |      0 |     73 |    138 |   1 |  364.0 |
               +--------+--------+--------+--------+--------+-----+--------+

Top non-repeatable levels by time:
   Zot:5: 5109 daAuts
   Zot:3: 3730 daAuts
Depths:4: 3173 daAuts
Vaults:4: 2968 daAuts
   Elf:3: 2768 daAuts
    D:14: 2507 daAuts
 Crypt:2: 2156 daAuts
   Elf:1: 2069 daAuts
Depths:2: 2037 daAuts
   Zot:1: 1993 daAuts
     D:8: 1748 daAuts
   Zot:2: 1686 daAuts
  Lair:5: 1619 daAuts
Depths:1: 1599 daAuts
   Zot:4: 1592 daAuts
